 Dungeon Crawl Stone Soup version 0.31.0-7-gf635a9b802 (webtiles) character file.

Game seed: 10369797640272556919

79 PriceMaster the Firebug (level 4, 0/27 HPs)
             Began as an Octopode Fire Elementalist on Jan 23, 2024.
             Slain by a goblin
             ... wielding a +0 club
             ... led by Robin
              (2 damage)
             ... on level 3 of the Dungeon.
             The game lasted 00:04:49 (2055 turns).

PriceMaster the Firebug (OpFE)                      Turns: 2055, Time: 00:04:49

Health: 0/27       AC:  1    Str:  7    XL:     4   Next: 37%
Magic:  7/7        EV: 13    Int: 19    God:
Gold:   124        SH:  0    Dex: 12    Spells: 5/8 levels left

rFire   . . .        g - +1 dagger (venom)
rCold   . . .        (no shield)
rNeg    . . .        (helmet restricted)
rPois   .            (no amulet)
rElec   .            (no ring)
rCorr   .            (no ring)
SInv    .            (no ring)
Will    .....        (no ring)
Stlth   +++          (no ring)
HPRegen 0.24/turn    (no ring)
MPRegen 0.10/turn    (no ring)
                     (no ring)

%: no passive effects
@: about to teleport
A: almost no armour, amphibious, 8 rings, camouflage 1, gelatinous body 1,
(nimble swimmer 1), tentacles
a: no special abilities


You were on level 3 of the Dungeon.
You visited 1 branch of the dungeon, and saw 3 of its levels.

You collected 124 gold pieces.

Inventory:

Hand Weapons
 b - a +0 short sword
 g - a +1 dagger of venom (weapon)
Scrolls
 c - a scroll of identify {unknown}
 f - a scroll of revelation {unknown}
 h - 3 scrolls of enchant armour {unknown}
Potions
 d - 2 potions of might {unknown}
 i - a potion of brilliance {unknown}
 j - a potion of curing
 k - a potion of ambrosia {unknown}


   Skills:
 + Level 0.3 Fighting
 + Level 0.4 Short Blades
 + Level 2.2 Dodging
 + Level 3.3 Stealth
 + Level 2.6 Spellcasting
 + Level 1.3 Conjurations
 + Level 3.9 Fire Magic


You had 5 spell levels left.
You knew the following spells:

 Your Spells              Type           Power      Damage    Failure   Level
a - Foxfire               Conj/Fire      48%        2x1d6     5%          1
b - Scorch                Fire           34%        2d6       4%          2

Your spell library contained the following spells:

 Spells                   Type           Power      Damage    Failure   Level
 Inner Flame              Hex/Fire       10%        N/A       22%         3
 Volatile Blastmotes      Fire/Tloc      20%        2d11      22%         3
 Flame Wave               Conj/Fire      12%        2d6       47%         4


Dungeon Overview and Level Annotations

Branches:
Dungeon (3/15)

Altars:

Annotations:
D:3 Robin


Innate Abilities, Weirdness & Mutations

You cannot wear most types of armour.
You are amphibious.
You can wear up to eight rings at the same time.
Your skin changes colour to match your surroundings (Stealth+).
Your rubbery body absorbs attacks. (AC +1, EV +1)
((You are camouflaged when in or above water. (Stealth+)))
You have tentacles for arms and can constrict up to eight enemies at once.


Message History

The adder hisses angrily.
The orc wizard gestures at you while chanting.
The puff of flame misses you.
You are too confused!
The orc shouts!
You hear a shout! x2
You miss the adder. The adder completely misses you. The adder bites you.
You bump into the rock wall.
The adder bites you.
You bump into the rock wall.
The adder bites you.
You are poisoned.
The adder poisons you!
You bump into the rock wall.
You feel sick. The adder closely misses you.
The orc wizard hits you but does no damage.
A hobgoblin opens the door.
You bump into the rock wall.
You feel less confused.
You feel sick. The adder bites you. The orc wizard completely misses you.
The adder closely misses you.
Robin roars a battlecry!
The goblins go into a battle-frenzy!
The goblin shouts!
As you read the scroll of teleportation, it crumbles to dust.
You feel strangely unstable.
You feel sick. The orc hits you with a +0 club. The adder bites you.
The orc wizard points at you and mumbles some strange words.
The puff of flame hits you!
* * * LOW HITPOINT WARNING * * *
The hobgoblin hits you but does no damage.
Robin throws the goblin at you!
* * * LOW HITPOINT WARNING * * *
A hobgoblin comes into view. It is wielding a +0 short sword.
You feel better.
The hobgoblin shouts!
You hear an angry hiss.
The orc hits you with a +0 club.
* * * LOW HITPOINT WARNING * * *
The adder bites you.
* * * LOW HITPOINT WARNING * * *
The orc wizard hits you with a +0 dagger.
* * * LOW HITPOINT WARNING * * *
The goblin hits you with a +0 club.
You die...

...... .g...#
..=.?+ ##.....#?
#.......# #.......#
#.......# #Sg.....#
#@......#
.g.g.ggoo.....+
....g##g......###
...g #.........#
### ..o..
#.........#...
....g####.......#.#
. .gogo..)........#
..o.gl........###
....g.†......).#


You could see Robin, an orc wizard, an adder, 2 orcs, 4 hobgoblins and 4
goblins.

Vanquished Creatures
  2 adders (D:2)
  A dart slug (D:1)
  2 orcs (D:3)
  2 ball pythons (D:1)
  6 endoplasms
  4 giant cockroaches (D:1)
  6 goblins
  5 hobgoblins
  11 kobolds
  2 quokkas (D:1)
  3 bats
  4 frilled lizards
  6 rats
54 creatures vanquished.

Vanquished Creatures (others)
  54 foxfires
54 creatures vanquished.

Grand Total: 108 creatures vanquished

Notes
Turn   | Place    | Note
-------+----------+-------------------------------------------
     0 | D:1      | PriceMaster the Octopode Fire Elementalist began the quest
                  | for the Orb.
     0 | D:1      | Reached XP level 1. HP: 11/11 MP: 3/3
   169 | D:1      | Reached XP level 2. HP: 17/17 MP: 3/5
   172 | D:1      | Learned a level 2 spell: Scorch
   634 | D:1      | Reached XP level 3. HP: 15/21 MP: 4/6
  1175 | D:2      | Reached XP level 4. HP: 27/27 MP: 4/7
  2021 | D:3      | Found a faded altar of an unknown god.
  2040 | D:3      | Noticed Robin
  2055 | D:3      | Slain by a goblin

Illustrated notes

Levels and vault maps discovered:
D:1:      mrwooster_arrival_statue, layout_loops_corners, st_stairs_1
D:2:      layout_basic
D:3:      kennysheep_six_static_rooms, layout_basic, zin_treasury,
          ebering_ecumenical_altar_rust, uniq_robin

Skill      XL: |  1  2  3 |
---------------+----------+-----
Stealth        | 3 |  3.3
Fighting       | |  0.3
Short Blades   | |  0.4
Dodging        | |  2.2
Spellcasting   | |  2.6
Conjurations   | |  1.3
Fire Magic     | |  3.9

Action                     |  1- 3 |  4- 6 || total
---------------------------+-------+-------++-------
  Melee: Unarmed           |     6 |       ||     6
         Constrict         |    16 |     2 ||    18
         Tentacles         |    13 |     3 ||    16
         Short sword       |    42 |       ||    42
         Dagger            |     2 |    13 ||    15
   Cast: Foxfire           |    22 |    10 ||    32
         Scorch            |     4 |     8 ||    12
    Use: Potion            |       |     3 ||     3
         Scroll            |       |     2 ||     2
   Stab: Sleeping          |     5 |     1 ||     6
 Armour: Skin              |    23 |    20 ||    43
  Dodge: Dodged            |    30 |    20 ||    50
